[Event "Early-Titled-Tuesday-Blitz-January-30-2024"]
[Site "Chess.com"]
[Date "2024.01.30"]
[Round "6"]
[White "Legendinunknown"]
[Black "andrzej"]
[Result "1-0"]
[WhiteElo "2837"]
[BlackElo "2449"]
[TimeControl "180+1"]
[EndTime "9:09:05 PST"]
[Termination "Legendinunknown won on time"]

1. d4 d5 2. c4 dxc4 3. e4 e5 4.
Nf3 Bb4+ 5. Bd2 Bxd2+ 6. Nbxd2 exd4 7. Bxc4 Nc6 8. O-O Qf6 9. e5 Qg6 10. Nb3 Bg4 11. Bd3 Qh5 12. Be4 Nxe5 13. Nbxd4 O-O-O 14. Bxb7+ Kxb7 15. Qb3+ Ka8 16. Nxe5 Qxe5 17. Nc6 Qd5 18. Nxd8 Qxd8 19. Qxf7 Nf6 20. f3 Qd7 21. Qxd7 Bxd7 22. Rfe1 Re8 23. g4 h6 24. Kf2 Rb8 25. b3 Nd5 26. Rad1 c6 27. Re5 g5 28. Kg3 Rf8 29.
Rde1 Kb7 30. Rf1 Kc7 31. h4 Rg8 32. hxg5 hxg5 33. Rh1 Kd6 34. Re4 Nf4 35. Rh6+ Kc7 36. Re5 Nd5 37. Rh5 Nc3 38. Rhxg5 Rh8 39. a4 Nd5 40. Rg7 a5 41. Rh5 1-0

[Event "Early-Titled-Tuesday-Blitz-January-30-2024"]
[Site "Chess.com"]
[Date "2024.01.30"]
[Round "6"]
[White "Zavgorodniy_Sergiy"]
[Black "MetiForce"]
[Result "0-1"]
[WhiteElo "2619"]
[BlackElo "2837"]
[TimeControl "180+1"]
[EndTime "9:09:06 PST"]
[Termination "MetiForce won on time"]

1. e4 g6 2. Nc3 Bg7 3. d4 c6 4. Nf3 d5 5. h3 dxe4 6. Nxe4 Nf6 7. Bd3 O-O 8. O-O a5 9. Re1 a4 10. a3 Nbd7 11. Ng3 b5 12. Qe2 Re8 13. c4 bxc4 14.
Bxc4 Nb6 15. Ba2 e6 16. Bf4 Ba6 17. Qd2 Nfd5 18. Bh6 Bc4 19. Bxg7 Kxg7 20. Bxc4 Nxc4 21. Qc2 Nd6 22. Ne5 Qb6 23. Ne4 Nxe4 24. Rxe4 Reb8 25. Re2 Rc8 26. Qe4 Ra7 27. Rc1 Qb3 28. Rec2 Rac7 29. h4 h6 30. g3 Nf6 31. Qf3 Qb6 32. Qf4 c5 33. dxc5 Rxc5 34. Qe3 Rxc2 35. Qxb6 Rxc1+ 36. Kg2 R1c2 37. Qd4 Re2 38. Ng4 e5 39. Qd3 Rcc2 40. Nxf6 Rxf2+ 41. Kg1 Kxf6 42. Qd6+ Kf5 43. Qd7+ Ke4 44.
Qxa4+ Kf3 45. Qa8+ Kg4 0-1

[Event "Early-Titled-Tuesday-Blitz-January-30-2024"]
[Site "Chess.com"]
[Date "2024.01.30"]
[Round "6"]
[White "Trojan-Knight"]
[Black "Me_ch_an"]
[Result "1-0"]
[WhiteElo "2672"]
[BlackElo "2343"]
[TimeControl "180+1"]
[EndTime "9:09:06 PST"]
[Termination "Trojan-Knight won on time"]

1. d4 d5 2. c4 dxc4 3. Nf3 a6 4. e3 b5 5. a4 Bb7 6. b3 e6 7. bxc4 bxc4 8. Bxc4 c5 9. O-O Nf6 10. Nbd2 Nc6 11.
Ba3 cxd4 12. Bxf8 Kxf8 13. Nb3 dxe3 14. Nc5 exf2+ 15. Rxf2 Qb6 16. Qd6+ Kg8 17. a5 Qb4 18. Ra4 Qb1+ 19. Rf1 Qc2 20. Bd3 Ne8 21. Bxc2 Nxd6 22. Rd1 Rd8 23. Rxd6 Rxd6 24. Nxb7 Rd5 25. Be4 Rd1+ 26.
Kf2 Rc1 27. Nd6 f5 28. Bd3 Kf8 29. Bxa6 Ke7 30. Nc4 Kf6 31. Bb5 Na7 32. Bd7 Rd8 33. Nfe5 Rb8 34. a6 Nb5 35. a7 Nxa7 36. Rxa7 Rc2+ 37.
Kg3 Rb3+ 38. Nf3 Rxc4 39. Be8 e5 40. Rf7+ Ke6 41. Rxg7 e4 42. Bf7+ Kf6 43. Bxc4 1-0

[Event "Early-Titled-Tuesday-Blitz-January-30-2024"]
[Site "Chess.com"]
[Date "2024.01.30"]
[Round "6"]
[White "MathiasWomacka"]
[Black "NastyaHn"]
[Result "1/2-1/2"]
[WhiteElo "2526"]
[BlackElo "2375"]
[TimeControl "180+1"]
[EndTime "9:09:06 PST"]
[Termination "Game drawn by repetition"]

1. e4 e6 2. d4 d5 3. Nd2 c5 4. exd5 Qxd5 5. Ngf3 cxd4 6. Bc4 Qd7 7. O-O Nc6 8. Nb3 a6 9. Nbxd4 Nxd4 10. Nxd4 Qc7 11.
Bb3 Nf6 12. Re1 Be7 13. Qf3 O-O 14. Bf4 Bd6 15. Bxd6 Qxd6 16. Rad1 Qc7 17. h3 Rb8 18. Qe3 b5 19. Nf3 a5 20. c3 Bb7 21. Ne5 a4 22.
Bc2 Bd5 23. a3 Rfd8 24. Rd4 Ba8 25. Rh4 h6 26. Qg3 Rd2 27. Rxh6 Rxc2 28. Rxf6 Rf8 29. Rf4 Qb7 30. Rg4 f6 31. Ng6 Re8 32. Qh4 Kf7 33.
Qh5 Rg8 34. Ne5+ Kf8 35. Nd3 f5 36. Rg3 Qf7 37. Qg5 Bd5 38. Ne5 Qe8 39. Qf4 Rxb2 40.
Qd4 Qc8 41. h4 Rb3 42. h5 Qc7 43. h6 gxh6 44. Ng6+ Kf7 45. Ne5+ Kf8 46. Ng6+ Kf7 47. Ne5+ Kf8 1/2-1/2

[Event "Early-Titled-Tuesday-Blitz-January-30-2024"]
[Site "Chess.com"]
[Date "2024.01.30"]
[Round "6"]
[White "KuzubovYuriy"]
[Black "wonderfultime"]
[Result "1-0"]
[WhiteElo "2910"]
[BlackElo "3000"]
[TimeControl "180+1"]
[EndTime "9:09:07 PST"]
[Termination "KuzubovYuriy won on time"]

1. d4 d5 2. c4 c6 3. Nf3 Nf6 4. Nc3 a6 5. e3 Bf5 6. Nh4 Be4 7.
f3 Bg6 8. Qb3 b5 9. cxd5 cxd5 10. Bd2 e6 11. Rc1 Bd6 12. g3 Bh5 13. Be2 O-O 14. O-O Nbd7 15. a4 b4 16. Nd1 a5 17.
Nf2 Nb6 18. Rc6 Nc4 19. Bxc4 dxc4 20. Qxc4 g5 21. g4 gxh4 22. gxh5 Kh8 23. Kh1 Rg8 24. Qe2 Nxh5 25. Nh3 Qd7 26. Rc4 e5 27. Nf2 Rae8 28.
dxe5 Bxe5 29. Rxh4 Qf5 30. e4 Qg6 31. Ng4 Bg7 32. Qb5 Nf6 33. Ne5 Rxe5 34. Qxe5 Nd7 35. Qb5 Ne5 36. Rg1 Qf6 37. Rf4 Qe6 38. Rf5 Ng6 39.
Bc1 h6 40. Qd5 Qxd5 41. Rxd5 Nh4 42. Rf1 Rc8 43. Rxa5 Rc2 44. Rh5 Ng6 45. a5 Bxb2 46. Bxb2+ Rxb2 47. Ra1 Nf4 48. a6 1-0

[Event "Early-Titled-Tuesday-Blitz-January-30-2024"]
[Site "Chess.com"]
[Date "2024.01.30"]
[Round "6"]
[White "margarita_2703"]
[Black "kamilianin235"]
[Result "1-0"]
[WhiteElo "2344"]
[BlackElo "2492"]
[TimeControl "180+1"]
[EndTime "9:09:08 PST"]
[Termination "margarita_2703 won by resignation"]

1. e4 c5 2. Nf3 e6 3. c3 Nf6 4. e5 Nd5 5. d4 cxd4 6. Qxd4 Nc6 7. Qe4 f5 8. Qe2 Be7 9. g3 O-O 10. Bg2 b6 11. O-O Bb7 12. c4 Nc7 13. Rd1 Bc5 14. a3 a5 15. Nc3 Qe7 16. h4 a4 17.
Bg5 Qf7 18. Nb5 Nxb5 19. cxb5 Na5 20. Be3 Nb3 21. Bxc5 bxc5 22. Ng5 Qe7 23. Bxb7 Rab8 24. Bg2 Nxa1 25. Rxa1 Rfc8 26. Rd1 c4 27. Rd6 Rxb5 28.
Qd2 Rc7 29. Qd4 h6 30. Nf3 Rb3 31. Nd2 Rd3 32. Qb6 Rc8 33. Nxc4 Rb3 34. Qd4 Kh7 35. Ne3 Rc1+ 36. Kh2 Rc7 37. Rb6 Rxb6 38. Qxb6 Qd8 39.
Nc4 f4 40. Nd6 fxg3+ 41. fxg3 Kg8 42. Nb5 Rc8 43. Qxd8+ Rxd8 44. Nc3 Rb8 45. Nxa4 Rb5 46. b4 Rxe5 47. Nc5 Re3 48. a4 d5 49. a5 Ra3 50.
a6 d4 51. b5 d3 52. Nxd3 Rxd3 53. a7 1-0

[Event "Early-Titled-Tuesday-Blitz-January-30-2024"]
[Site "Chess.com"]
[Date "2024.01.30"]
[Round "6"]
[White "Jospem"]
[Black "Kiborg95"]
[Result "1-0"]
[WhiteElo "3064"]
[BlackElo "2860"]
[TimeControl "180+1"]
[EndTime "9:09:10 PST"]
[Termination "Jospem won on time"]

1. e4 d6 2. Nc3 e5 3. Bc4 Be7 4. d3 c6 5. a3 Nf6 6. Nf3 O-O 7. O-O b5 8. Ba2 a5 9. Ne2 a4 10. Ng3 Re8 11. Ng5 Rf8 12. Nf3 Be6 13. Bxe6 fxe6 14.
h3 c5 15. c3 Nc6 16. Be3 d5 17. Bg5 Qd6 18. Qe2 h6 19. Bxf6 Bxf6 20. Rac1 Rfd8 21.
Rfe1 Rab8 22. Nf1 b4 23. N1d2 bxa3 24. bxa3 Qc7 25. exd5 exd5 26. c4 d4 27. Ne4 Qe7 28. Nfd2 Na5 29. Rb1 Nb3 30. Qd1 Nxd2 31. Qxd2 Rb3 32.
Ra1 Rdb8 33. Ra2 Kh7 34. Qe2 Rb1 35. Ra1 Rxa1 36. Rxa1 Rb3 37. Qg4 Qf7 38. Nxc5 Rc3 39. Qf5+ Qg6 40. Qf3 Be7 41. Ne4 Rxa3 42. Rxa3 Bxa3 43.
Qd1 Qa6 44. Qg4 Be7 45. Qf5+ Kg8 46. Qxe5 Kf7 47. Qd5+ Kf8 48. c5 a3 49. Nd6 Bxd6 50.
cxd6 a2 51. d7 a1=Q+ 52. Kh2 1-0

[Event "Early-Titled-Tuesday-Blitz-January-30-2024"]
[Site "Chess.com"]
[Date "2024.01.30"]
[Round "6"]
[White "Arlo2024"]
[Black "AnaKuchava"]
[Result "0-1"]
[WhiteElo "2267"]
[BlackElo "2214"]
[TimeControl "180+1"]
[EndTime "9:09:10 PST"]
[Termination "AnaKuchava won by resignation"]

1. e4 c5 2. Nc3 Nc6 3. g3 d6 4. Bg2 g6 5. d3 Bg7 6. Nge2 e6 7.
Be3 Nd4 8. Qd2 Ne7 9. Nd1 O-O 10.
O-O Rb8 11. Nc1 b5 12. c3 Ndc6 13. a3 Bb7 14. Ne2 Qd7 15. Bh6 a5 16. Bxg7 Kxg7 17.
Ne3 b4 18. axb4 axb4 19. Ng4 Ng8 20. Ne3 Ra8 21. Rxa8 Rxa8 22. f4 f5 23. exf5 gxf5 24. g4 fxg4 25. Nxg4 Rf8 26. Ng3 Nce7 27. Bxb7 Qxb7 28.
Qe2 Qd5 29. Ne4 h6 30. Ng3 Nf6 31. Nxf6 Rxf6 32. Nh5+ Kf7 33. Nxf6 Kxf6 34. Qe4 Qxe4 35. dxe4 bxc3 36. bxc3 d5 37. exd5 Nxd5 38. c4 Ne3 39. Rc1 Kf5 40. Kf2 Kxf4 41. h3 e5 42.
Rc3 Nf5 43. Ra3 e4 44. Ra5 e3+ 45. Ke1 Kf3 46. Rxc5 Nd4 47. Rh5 Nc2+ 48. Kd1 e2+ 49. Kxc2 e1=Q 50. Rxh6 Qe4+ 51. Kb3 Qe3+ 52. Kb4 Qxh6 53.
c5 Qc6 54. Kc4 Kg3 55. h4 Kxh4 56.
Kd4 Kg4 57. Ke5 Kf3 58. Kd4 Kf4 59. Kc4 Ke5 60. Kb4 Kd4 0-1

[Event "Early-Titled-Tuesday-Blitz-January-30-2024"]
[Site "Chess.com"]
[Date "2024.01.30"]
[Round "6"]
[White "ritanovikova"]
[Black "Licancabur"]
[Result "0-1"]
[WhiteElo "2201"]
[BlackElo "2433"]
[TimeControl "180+1"]
[EndTime "9:09:11 PST"]
[Termination "Licancabur won on time"]

1. e4 Nf6 2. e5 Nd5 3. Bc4 Nb6 4. Bb3 d6 5. exd6 cxd6 6. d4 g6 7. Nf3 Bg7 8. O-O O-O 9. h3 Nc6 10. c3 Bf5 11. Bg5 Qc7 12. Re1 Rfe8 13. a4 Na5 14.
Bc2 Bxc2 15. Qxc2 Rac8 16. Na3 a6 17. Rac1 h6 18. Bh4 Qd7 19. b4 Nac4 20. Nxc4 Rxc4 21.
a5 Nd5 22. Qb3 Rec8 23. Nd2 Rxc3 24. Rxc3 Nxc3 25. Rxe7 Qf5 26. Nf3 Ne4 27. Rxb7 Rc1+ 28. Kh2 g5 29. Bg3 Nxg3 30. fxg3 h5 31. Rb8+ Kh7 32. Qe3 Qb1 33. Ng1 f6 34. Re8 Rd1 35. Qe4+ Qxe4 36. Rxe4 f5 37. Re7 g4 38. hxg4 hxg4 39.
Ne2 Re1 40. Nf4 Rxe7 0-1

[Event "Early-Titled-Tuesday-Blitz-January-30-2024"]
[Site "Chess.com"]
[Date "2024.01.30"]
[Round "6"]
[White "Anton_Demchenko"]
[Black "Polish_fighter3000"]
[Result "0-1"]
[WhiteElo "2949"]
[BlackElo "3069"]
[TimeControl "180+1"]
[EndTime "9:09:12 PST"]
[Termination "Polish_fighter3000 won by resignation"]

1. e4 e5 2. Nf3 Nc6 3. Bc4 Bc5 4. d3 Nf6 5. Bg5 h6 6. Bh4 Be7 7. Bg3 d6 8. a4 O-O 9. h3 Kh8 10. Nc3 Be6 11. Bxe6 fxe6 12. O-O a6 13. Nb1 Qe8 14. c3 Nh5 15. Nbd2 Nxg3 16. fxg3 a5 17. Qb3 Qd7 18.
Kh2 Kh7 19. Rae1 b6 20. Qb5 Rad8 21. Nc4 Nb8 22. Qb3 Na6 23. Qc2 Kg8 24. b3 Nc5 25. Rf2 Ra8 26. d4 exd4 27. cxd4 Na6 28. Ref1 Nb4 29. Qe2 Rae8 30. Nh4 Rxf2 31. Rxf2 Bxh4 32. gxh4 Qe7 33. Qg4 Nc6 34. Qd1 Qxh4 35. Qf3 Nxd4 36. Qf7+ Kh7 37. Rd2 Re7 38. Qf8 Nxb3 39. Rf2 Nc5 40.
Rf4 Re8 41. Qf7 Qe7 42. Qh5 Rf8 43. Rg4 Qf7 44. Qh4 Qf6 45. Qg3 Nd7 46. Na3 Ne5 47. Rh4 g5 48. Rh5 Qg6 0-1

[Event "Early-Titled-Tuesday-Blitz-January-30-2024"]
[Site "Chess.com"]
[Date "2024.01.30"]
[Round "6"]
[White "Andrey_Klymchuk"]
[Black "frederiksvane"]
[Result "0-1"]
[WhiteElo "2729"]
[BlackElo "2918"]
[TimeControl "180+1"]
[EndTime "9:09:12 PST"]
[Termination "frederiksvane won by resignation"]

1. e4 e5 2. Nf3 Nc6 3. Nc3 Nf6 4. g3 d5 5. exd5 Nxd5 6. Bg2 Nxc3 7. bxc3 Bd6 8. O-O O-O 9. d4 Bf5 10. Rb1 Rb8 11. Re1 Re8 12. Be3 exd4 13. Nxd4 Nxd4 14. cxd4 c6 15. Qd2 Qd7 16. a4 Be4 17. Bf4 Bxg2 18. Kxg2 b6 19. c4 h6 20. Bxd6 Qxd6 21. Rbd1 Rbd8 22.
Rxe8+ Rxe8 23. d5 h5 24. Qd4 g6 25. h4 Re2 26. Rd2 Re1 27. Rd1 Re5 28. Rd2 Re8 29. a5 bxa5 30. Qxa7 cxd5 31. Rxd5 Qe6 32. Qxa5 Qe4+ 33.
Kg1 Qb1+ 34. Kh2 Qf1 35. Rd8 Qxf2+ 36. Kh3 Rxd8 37. Qxd8+ Kg7 38. Qd5 Qf1+ 39. Kh2 Qe2+ 40. Kh3 Qf1+ 41. Kh2 Kf6 42. c5 Qf2+ 43. Kh3 Qf1+ 44. Kh2 Qf2+ 45. Kh3 Qf5+ 46. Qxf5+ Kxf5 47. Kg2 Ke6 48. Kf3 Kd5 49. Kf4 f6 50. g4 hxg4 51. Kxg4 Kxc5 52. h5 gxh5+ 53. Kxh5 Kd4 54. Kg4 Ke4 55.
Kg3 f5 56. Kg2 Ke3 57. Kg3 f4+ 58. Kg2 Ke2 0-1

[Event "Early-Titled-Tuesday-Blitz-January-30-2024"]
[Site "Chess.com"]
[Date "2024.01.30"]
[Round "6"]
[White "OhanyanEminChess"]
[Black "wannabe2700"]
[Result "0-1"]
[WhiteElo "2800"]
[BlackElo "2630"]
[TimeControl "180+1"]
[EndTime "9:09:12 PST"]
[Termination "wannabe2700 won on time"]

1. e4 c5 2. Nf3 e6 3. d4 cxd4 4.
Nxd4 Nf6 5. Nc3 Nc6 6. g3 Bb4 7.
Bg2 d5 8. O-O Bxc3 9. Nxc6 bxc6 10. bxc3 Nxe4 11. Bxe4 dxe4 12. Qxd8+ Kxd8 13. Rd1+ Ke8 14.
Rb1 f6 15. Rd6 Kf7 16. Rxc6 Rd8 17. Rc7+ Kg6 18. Be3 a5 19. g4 e5 20. h3 Rd7 21.
Rc5 h5 22. Kg2 hxg4 23. hxg4 Re7 24. Kg3 Be6 25. Rb6 Bxa2 26. c4 a4 27. Rb2 Bxc4 28.
Rxc4 a3 29. Ra2 Rb7 30. Rxe4 Rb2 31. Rxb2 axb2 32. Rb4 Ra2 33. c3 Kf7 34. Rb6 g6 35.
c4 Ke8 36. c5 Kd7 37. f4 exf4+ 38. Bxf4 Ra3+ 39. Kf2 Ra4 40. Kf3 Ra3+ 41. Ke2 Ra4 42. c6+ Ke6 43. c7+ Kd7 44. Rb8 Rc4 45. Bg3 Rc3 46.
Kd2 b1=Q 47. Rd8+ Ke7 48. Kxc3 Qc1+ 49. Kb4 Qb2+ 50. Kc5 Qc3+ 51. Kb6 Qb3+ 0-1

[Event "Early-Titled-Tuesday-Blitz-January-30-2024"]
[Site "Chess.com"]
[Date "2024.01.30"]
[Round "6"]
[White "Lennis93"]
[Black "RandomNoob04"]
[Result "0-1"]
[WhiteElo "2713"]
[BlackElo "2577"]
[TimeControl "180+1"]
[EndTime "9:09:12 PST"]
[Termination "RandomNoob04 won by checkmate"]

1. d4 Nf6 2. c4 c5 3. d5 b5 4.
cxb5 a6 5. b6 Qxb6 6. Nc3 d6 7.
Nf3 g6 8. Nd2 Bg7 9. Nc4 Qc7 10.
a4 O-O 11. a5 Nbd7 12. Bf4 Rb8 13. Qd2 Rb4 14. e4 Ng4 15. Be2 Nge5 16. Ne3 c4 17.
O-O Nc5 18. Ra2 Ned3 19. Bg3 Nb3 20. Qd1 Nxb2 21. Rxb2 Bxc3 22. Rc2 Bg7 23. Nxc4 Nd4 24. Rc1 Bd7 25. Bd3 Qd8 26. Nb6 Bb5 27. Rc8 Qxc8 28. Nxc8 Rxc8 29. Bxb5 Rxb5 30. Qg4 Rc2 31. Qd7 Bf6 32.
h4 h5 33. Kh2 Kg7 34. Qd8 Ne2 35. Kh3 Nxg3 36. Kxg3 Rb3+ 37. Kh2 Bxh4 38. Kg1 Rbb2 39. g3 Bxg3 40. Qxe7 h4 41. e5 Bxe5 42. Qxh4 Rd2 43.
Qh1 Bd4 44. Qe4 Bxf2+ 45. Kh1 Bc5 46. Rf4 Rh2# 0-1

[Event "Early-Titled-Tuesday-Blitz-January-30-2024"]
[Site "Chess.com"]
[Date "2024.01.30"]
[Round "6"]
[White "JuniorJumper"]
[Black "Laico"]
[Result "0-1"]
[WhiteElo "2506"]
[BlackElo "2375"]
[TimeControl "180+1"]
[EndTime "9:09:12 PST"]
[Termination "Laico won by checkmate"]

1. b3 d5 2. Bb2 Nf6 3. e3 c5 4. Nf3 a6 5. d4 Nc6 6. dxc5 Bg4 7.
Be2 e6 8. O-O Bxc5 9. c4 O-O 10.
Nc3 dxc4 11. bxc4 Qc7 12. h3 Bh5 13. Qc1 Rad8 14. Ba3 Nb4 15. Na4 Be7 16. Qb2 Nd3 17. Bxd3 Rxd3 18. Bxe7 Qxe7 19. Ne5 Rd6 20. Rab1 Ne4 21.
Qxb7 Qh4 22. Rbc1 Rd2 23. Ng4 f5 24. Ne5 Rxf2 25. Qd7 Qg3 26. Rxf2 Qxf2+ 27. Kh2 Qg3+ 28. Kg1 Qxe5 29. Rd1 Bxd1 30. Qxd1 Nc3 31. Qf3 Nxa4 32. g4 fxg4 33. Qxg4 Nc3 34. Kg2 Qe4+ 35. Qxe4 Nxe4 36.
h4 Rf2+ 37. Kh3 Rxa2 38. Kg4 Rc2 39. h5 Rxc4 40. h6 gxh6 41. Kh5 a5 42. Kg4 a4 43. Kh5 a3 44. Kg4 a2 45. Kf4 a1=Q 46. Kg4 Qg1+ 47.
Kh5 Rc2 48. Kxh6 Rh2# 0-1

[Event "Early-Titled-Tuesday-Blitz-January-30-2024"]
[Site "Chess.com"]
[Date "2024.01.30"]
[Round "6"]
[White "LeoWin2012"]
[Black "SmirnovTimofey2000"]
[Result "1-0"]
[WhiteElo "2190"]
[BlackElo "1936"]
[TimeControl "180+1"]
[EndTime "9:09:12 PST"]
[Termination "LeoWin2012 won on time"]

1. Nf3 d5 2. g3 Nf6 3. Bg2 Bf5 4. d3 e6 5. O-O Be7 6. Nbd2 O-O 7. Re1 h6 8. b3 c6 9. Bb2 Nbd7 10. e4 dxe4 11. dxe4 Bh7 12. Qe2 a5 13. Rad1 Qc7 14. Nc4 Bxe4 15.
Nfe5 Bxg2 16. Kxg2 Nxe5 17. Nxe5 Rad8 18. Ng4 Rxd1 19.
Rxd1 Rd8 20. Nxf6+ Bxf6 21. Bxf6 gxf6 22. Qg4+ Kh7 23.
Re1 Qd6 24. Qh4 f5 25. Qf6 Rd7 26. h4 Qd5+ 27. Kg1 Qd4 28. Qxd4 Rxd4 29. Re2 Kg6 30. Kg2 Rd5 31. Kf3 Kf6 32. c4 Re5 33. Rd2 Ke7 34. Kg2 Re1 35. f3 f6 36. g4 fxg4 37. fxg4 Re4 38. Kf3 Re5 39. Rg2 Re1 40. g5 hxg5 41. hxg5 fxg5 42. Rxg5 Rf1+ 43. Ke2 Rf7 44. Rh5 b6 45.
Rh8 Kd6 46. Kd3 Kc5 47. Rb8 Rd7+ 48. Kc3 b5 49. cxb5 cxb5 50. Rc8+ Kb6 51. Re8 Rd6 52. a3 Rc6+ 53. Kd4 b4 54. a4 Rd6+ 55.
Ke4 Kc6 56. Ra8 Rd5 57. Rc8+ Kd6 58. Rc2 Ke7 59. Rh2 Kf6 60. Rh7 Kg6 61. Rb7 Kf6 62.
Ke3 Rc5 63. Kd4 Rc3 64. Rb5 Rxb3 65. Rxa5 e5+ 66. Kc4 Ra3 67. Kxb4 Ra1 68. Ra8 e4 69. Re8 Kf5 70. a5 Kf4 71. Kb5 e3 72. Kb6 Kf3 73. a6 Kf2 74. Rf8+ Ke1 75. Rh8 e2 76. Rh1+ 1-0

[Event "Early-Titled-Tuesday-Blitz-January-30-2024"]
[Site "Chess.com"]
[Date "2024.01.30"]
[Round "6"]
[White "LastHeroJr"]
[Black "ferrufino64"]
[Result "1-0"]
[WhiteElo "2473"]
[BlackElo "2246"]
[TimeControl "180+1"]
[EndTime "9:09:13 PST"]
[Termination "LastHeroJr won by resignation"]

1. e4 c5 2. Nf3 Nc6 3. d4 cxd4 4. Nxd4 e5 5. Nb5 d6 6. c4 Be6 7. Bd3 Be7 8. O-O a6 9. N5a3 Bg5 10. Nc3 Bxc1 11.
Rxc1 Nd4 12. Nc2 Nxc2 13. Rxc2 Ne7 14. Rd2 Qc7 15. b3 Nc6 16. Bb1 Rd8 17. Ne2 O-O 18.
Rd3 b5 19. cxb5 axb5 20. Qd2 Rd7 21. Rc1 Rc8 22. Rdc3 Qb6 23. Bd3 b4 24. R3c2 Rdd8 25. Bc4 Bxc4 26. Rxc4 Ne7 27. Qxb4 Qxb4 28. Rxb4 d5 29.
exd5 Nxd5 30. Rbc4 Ra8 31. R1c2 g6 32. g3 Kg7 33.
Kg2 h5 34. h3 Rd6 35. Re4 Kf6 36. Rec4 Ke6 37. Rc6 f5 38. Rxd6+ Kxd6 39. Nc1 e4 40. Kf1 g5 41. Ke2 f4 42. Rc4 Ke5 43. Rc6 f3+ 44.
Kd2 Rd8 45. Ke1 Nb4 46. Rc5+ Kd4 47. Rc4+ Ke5 48. Rxb4 1-0

[Event "Early-Titled-Tuesday-Blitz-January-30-2024"]
[Site "Chess.com"]
[Date "2024.01.30"]
[Round "6"]
[White "ValentunHulka"]
[Black "Karttunen"]
[Result "0-1"]
[WhiteElo "2784"]
[BlackElo "2623"]
[TimeControl "180+1"]
[EndTime "9:09:15 PST"]
[Termination "Karttunen won on time"]

1. Nc3 d5 2. e4 dxe4 3. Nxe4 Nd7 4. d4 Ngf6 5. Bd3 Nxe4 6. Bxe4 Nf6 7. Bd3 e6 8. Nf3 c5 9. O-O Bd7 10. Re1 Bc6 11. c3 Be7 12. Ne5 cxd4 13. Nxc6 bxc6 14. Qa4 O-O 15. cxd4 c5 16. Be3 Qb6 17. Rac1 Rac8 18. dxc5 Bxc5 19. Rxc5 Rxc5 20. b4 Qc6 21. b5 Qb6 22.
Bxc5 Qxc5 23. Qc4 Qxc4 24. Bxc4 Rc8 25. Bb3 Kf8 26. Kf1 Ke7 27. Ke2 Ne4 28. Ke3 Nd6 29. Rb1 Rc5 30. a4 e5 31. Kd3 f5 32. Bg8 h6 33. g3 g5 34. Rb2 Kd7 35. h3 Kc7 36.
Be6 Kb6 37. g4 e4+ 38. Kd4 f4 39. Bd5 Rc1 40. Bxe4 Rc4+ 41. Kd5 Rxe4 42. Kxd6 Rxa4 43. Ke6 Rd4 44. Kf6 Rd6+ 45. Kg7 Re6 46. Kh7 Rd6 47. Kg7 Re6 48. Ra2 Kxb5 49. Rxa7 Kc4 50. Rf7 Kd3 51. Ra7 Ke2 52. Ra2+ Kf3 53. Kf7 Rb6 0-1

[Event "Early-Titled-Tuesday-Blitz-January-30-2024"]
[Site "Chess.com"]
[Date "2024.01.30"]
[Round "6"]
[White "Doublekk14"]
[Black "Juicy_Fork"]
[Result "1-0"]
[WhiteElo "2269"]
[BlackElo "2428"]
[TimeControl "180+1"]
[EndTime "9:09:15 PST"]
[Termination "Doublekk14 won by checkmate"]

1. c4 c5 2. Nc3 Nf6 3. Nf3 g6 4. e3 Bg7 5. d4 cxd4 6. exd4 O-O 7. Be2 d5 8. cxd5 Nxd5 9. O-O Nc6 10. h3 Bf5 11.
Qb3 Nb6 12. Be3 Be6 13. Qb5 a6 14. Qg5 Nd5 15. Rfd1 Ncb4 16. Rac1 Nxc3 17. bxc3 Nxa2 18. Rc2 Bb3 19. Rxa2 Bxa2 20. c4 Rc8 21. c5 Bf6 22.
Qh6 Qd5 23. Ne5 Bb3 24. Bf3 Qe6 25. Bg4 Qd5 26. Rd2 Rcd8 27. Bf3 Qe6 28. Bg4 Qd5 29. Bf3 Qe6 30. Ng4 Bg7 31. Qf4 Qc4 32. Nh6+ Kh8 33. Be2 Qd5 34. Bf3 Qe6 35. Bg4 Qc4 36.
Be2 Bxh6 37. Qxh6 Qe6 38. Bf3 b6 39. cxb6 Bd5 40. Bg4 Qf6 41. Bg5 Qxb6 42. Bxe7 Qb1+ 43. Kh2 Qb7 44. Bf6+ Kg8 45. Qg7# 1-0

[Event "Early-Titled-Tuesday-Blitz-January-30-2024"]
[Site "Chess.com"]
[Date "2024.01.30"]
[Round "6"]
[White "kekic76"]
[Black "anasta10"]
[Result "1-0"]
[WhiteElo "2363"]
[BlackElo "2500"]
[TimeControl "180+1"]
[EndTime "9:09:16 PST"]
[Termination "kekic76 won by resignation"]

1. e4 g6 2. d4 Bg7 3. Nc3 d6 4.
Be3 a6 5. Qd2 b5 6. h4 h5 7. Nh3 Bb7 8. f3 Nd7 9. Ng5 Nb6 10. d5 Nf6 11. a4 b4 12. Nd1 a5 13.
Bb5+ Nbd7 14. c3 bxc3 15. Nxc3 O-O 16. O-O Ne5 17. Rfc1 Nh7 18. Ne2 Ba6 19. Nd4 Bxb5 20.
axb5 a4 21. Ra3 Nd7 22. Nc6 Qe8 23. Rc4 Nb6 24. Bxb6 cxb6 25. Rcxa4 Rxa4 26. Rxa4 Nxg5 27. Qxg5 Bf6 28. Qd2 e6 29. g3 Kg7 30. Ra6 exd5 31. Qxd5 Bxb2 32. Rxb6 Qd7 33. Kg2 Rc8 34. Ra6 Rc7 35.
Qd2 Bf6 36. Qa5 Qe6 37. Qa2 Qc8 38. Ra7 Bd8 39. Ra8 Qb7 40. Rxd8 Qxb5 41. Qa1+ f6 42. Nd4 Qc4 43. Rxd6 Rf7 44. Qa6 Qc3 45. Ne2 Qb2 46. Kf2 f5 47. Rxg6+ Kf8 48. Qd6+ Re7 49. Re6 1-0

[Event "Early-Titled-Tuesday-Blitz-January-30-2024"]
[Site "Chess.com"]
[Date "2024.01.30"]
[Round "6"]
[White "GeorgiosSouleidis"]
[Black "deribas12345"]
[Result "0-1"]
[WhiteElo "2639"]
[BlackElo "2514"]
[TimeControl "180+1"]
[EndTime "9:09:17 PST"]
[Termination "deribas12345 won by resignation"]

1. e4 e6 2. d4 d5 3. Nc3 Nf6 4. Bg5 Be7 5. e5 Ne4 6. Bxe7 Qxe7 7.
Nxe4 dxe4 8. Qe2 b6 9. Qxe4 Qb4+ 10. c3 Qxb2 11. Rb1 Qxc3+ 12. Kd1 c6 13. Ne2 Qa3 14.
h4 Ba6 15. Rh3 Qa4+ 16. Ke1 O-O 17. h5 Rd8 18. Rd1 Nd7 19. Nc3 Qa5 20. Bxa6 Qxa6 21.
Rg3 Qa5 22. Kf1 Qb4 23. Kg1 Qf8 24. Qxc6 Rac8 25. Qe4 h6 26. Rdd3 Kh8 27. Rg4 Qb4 28. Qf3 Nxe5 29. dxe5 Rxd3 30. Rxb4 Rxf3 31. gxf3 Rxc3 32.
Kg2 Rc5 33. f4 Ra5 34. a4 Kg8 35. Rc4 Rc5 36. Rd4 Kf8 37. Rd8+ Ke7 38. Rd4 a6 39. Kf3 b5 40. axb5 Rxb5 41. Ra4 a5 42. Kg4 g6 43.
hxg6 fxg6 44. f3 g5 45. fxg5 Rb4+ 46. Rxb4 axb4 47. gxh6 Kf7 48. f4 b3 49. f5 exf5+ 50.
Kxf5 b2 51. e6+ Ke7 52. h7 b1=Q+ 53. Ke5 Qxh7 0-1

[Event "Early-Titled-Tuesday-Blitz-January-30-2024"]
[Site "Chess.com"]
[Date "2024.01.30"]
[Round "6"]
[White "Baku_Boulevard"]
[Black "RobertoJBM"]
[Result "1-0"]
[WhiteElo "3059"]
[BlackElo "2832"]
[TimeControl "180+1"]
[EndTime "9:09:19 PST"]
[Termination "Baku_Boulevard won on time"]

1. e4 c6 2. d4 d5 3. exd5 cxd5 4.
c4 Nf6 5. Nc3 e6 6. Nf3 Be7 7.
Bd3 dxc4 8. Bxc4 a6 9. a4 O-O 10. O-O Nc6 11. Re1 Nb4 12. Ne5 Bd7 13. Bg5 Rc8 14. Bb3 Bc6 15. Qd2 Nbd5 16. Nxc6 bxc6 17. a5 Bb4 18. Qd3 Bxa5 19. Qh3 h6 20. Bd2 Rb8 21.
Bxd5 Nxd5 22. Ra2 Bb6 23. Ra4 a5 24. Ne4 Nf6 25. Bf4 Ra8 26. Nxf6+ Qxf6 27. Be5 Qf5 28. Qb3 Ra6 29. Rc4 Rc8 30. h3 Bd8 31.
Rc3 a4 32. Qc4 Raa8 33. Rf3 Qh5 34. Rg3 g6 35. Qc3 Bc7 36. Bxc7 Rxc7 37. Re5 Qh4 38. Qe3 Kg7 39. Rg4 Qe7 40. h4 Rh8 41. h5 g5 42. Rc5 Qd6 43. f4 f6 44. fxg5 hxg5 45. Re4 Kf7 46. Qf3 Re7 47. Rxg5 Rh6 48. Rc5 f5 49. Rf4 1-0

[Event "Early-Titled-Tuesday-Blitz-January-30-2024"]
[Site "Chess.com"]
[Date "2024.01.30"]
[Round "6"]
[White "Sina_Movahed"]
[Black "HansOnTwitch"]
[Result "0-1"]
[WhiteElo "3039"]
[BlackElo "3214"]
[TimeControl "180+1"]
[EndTime "9:09:21 PST"]
[Termination "HansOnTwitch won by resignation"]

1. e4 c6 2. d4 d5 3. e5 Bf5 4. Nc3 a6 5. g4 Bd7 6. Be3 e6 7. Qd2 Qc7 8. f4 c5 9. Nf3 h5 10. g5 g6 11. dxc5 Bxc5 12. Bxc5 Qxc5 13. Qf2 Qa5 14. O-O-O Ne7 15. Nd4 Nbc6 16. Nb3 Qc7 17. Kb1 O-O 18. Bd3 Rfc8 19. Na4 b5 20. Nb6 Qa7 21.
Rhf1 Rcb8 22. Nxa8 Qxa8 23. Nc5 Be8 24. Be2 Qa7 25.
Nd3 d4 26. Bf3 Nf5 27. Rfe1 Ne3 28. Rd2 b4 29. Nc1 Na5 30. Nb3 Nxb3 31. axb3 a5 32. Rxd4 Qxd4 33. Qxe3 Rd8 34. Kc1 h4 35. Qxd4 Rxd4 36.
Re4 Rd8 37. Re3 Bb5 38. c4 Be8 39. Be4 Rd4 40. Kc2 Kf8 41. c5 Bb5 42. Kc1 Ke7 43. Kc2 Kd8 44. Bd3 Bc6 45. Kd2 Rxf4 46. Be2 Kc7 47.
Rd3 Bd5 48. Re3 Kc6 49. Kd3 Kxc5 50. Kd2 Rd4+ 51. Bd3 Bxb3 52. Ke2 Bd5 53. Bxg6 fxg6 0-1